 Dungeon Crawl Stone Soup version 0.28-a0-834-g1a73be5ee4 (webtiles) character file.

Game seed: 365112914339006338

107 Iepvzaeh the Skirmisher (level 4, -4/40 HPs)
             Began as a Hill Orc Fighter on Nov 11, 2021.
             Was an Initiate of Beogh.
             Shot with an arrow by a centaur (10 damage)
             ... on level 4 of the Dungeon.
             The game lasted 00:04:29 (2861 turns).

Iepvzaeh the Skirmisher (Hill Orc Fighter)          Turns: 2861, Time: 00:04:30

Health: -4/40      AC: 10    Str: 19    XL:     4   Next: 85%
Magic:  4/4        EV:  7    Int:  8    God:    Beogh [......]
Gold:   69         SH:  4    Dex: 10    Spells: 3/3 levels left

rFire   . . .      SeeInvis .   a - +0 war axe
rCold   . . .      Faith    .   c - +0 buckler
rNeg    . . .      Spirit   .   u - +0 chain mail
rPois   .          Reflect  .   (no helmet)
rElec   .          Harm     .   w - +0 cloak
rCorr   .          Rampage  .   (no gloves)
Will    .....                   (no boots)
Stlth   ..........              (no amulet)
HPRegen 0.13/turn               (no ring)
MPRegen 0.09/turn               (no ring)

@: no status effects
A: no striking features
a: Renounce Religion


You were on level 4 of the Dungeon.
You worshipped Beogh.
Beogh was noncommittal.
You visited 1 branch of the dungeon, and saw 4 of its levels.

You collected 69 gold pieces.

Inventory:

Hand Weapons
 a - a +0 war axe (weapon)
Armour
 b - a +0 scale mail
 c - a +0 buckler (worn)
 u - a +0 chain mail (worn)
 w - a +0 cloak (worn)
Jewellery
 e - a +6 ring of dexterity
Scrolls
 h - a scroll of holy word {unknown}
 j - 3 scrolls of enchant armour {unknown}
 n - a scroll of noise {unknown}
 o - a scroll of enchant weapon {unknown}
 p - 3 scrolls of identify {unknown}
 q - a scroll of blinking {unknown}
 r - a scroll of teleportation {unknown}
 s - 2 scrolls of amnesia {unknown}
 v - a scroll of fear {unknown}
Potions
 d - a potion of might
 f - 2 potions of curing
 g - a potion of brilliance {unknown}
 i - a potion of magic {unknown}
 k - 2 potions of lignification {unknown}
 l - a potion of haste {unknown}
 m - a potion of heal wounds {unknown}
 t - 2 potions of attraction {unknown}


   Skills:
 + Level 4.3 Fighting
 + Level 4.3 Axes
 + Level 4.0 Armour
 + Level 0.6 Dodging
 + Level 3.8 Shields


You had 3 spell levels left.
You didn't know any spells.
Your spell library was empty.

Dungeon Overview and Level Annotations

Branches:
Dungeon (4/15)
 Temple: D:4-7

Altars:
Makhleb


Message History

The centaur wields a +0 shortbow.
The centaur shoots an arrow.
The arrow hits you.
The gnoll throws a throwing net.
The throwing net hits you.
You become entangled in the net!
The gnoll hits you but does no damage.
You see here a throwing net.
You tear a large gash into the net.
The centaur unwields a +0 shortbow.
The centaur barely misses you.
The centaur kicks you but does no damage.
The endoplasm freezes you.
You are frozen.
The gnoll hits you but does no damage.
A gnoll comes into view. It is wielding a +0 spear.
You struggle against the net.
The centaur hits you. The centaur kicks you.
The endoplasm hits you but does no damage.
The gnoll hits you from afar with a +0 spear.
You shred the net and break free! The centaur barely misses you. x2
The endoplasm barely misses you. The centaur hits you.
You block the centaur's attack. The gnoll barely misses you.
You slash the endoplasm!
You kill the endoplasm!
Beogh accepts your kill.
You hit the centaur. The centaur hits you. The centaur completely misses you.
The gnoll hits you from afar with a +0 spear.
The gnoll closely misses you.
The centaur hits you but does no damage.
The centaur kicks you but does no damage.
The centaur wields a +0 shortbow.
The centaur shoots an arrow.
The arrow hits you. The gnoll hits you but does no damage.
The centaur shoots an arrow.
The arrow hits you!
* * * LOW HITPOINT WARNING * * *
Okay, then.
It was a potion of curing.
You feel better.
The gnoll hits you from afar with a +0 spear.
* * * LOW HITPOINT WARNING * * *
The gnoll hits you with a +0 flail.
* * * LOW HITPOINT WARNING * * *
The centaur shoots an arrow.
You block the arrow.
The centaur shoots an arrow.
The arrow barely misses you.
You see here 15 bolts.
The centaur shoots an arrow.
The arrow hits you!
You die...

#..........# ##...###
#.........g# ##......##
##......##g# #........##
#.....###.##
##.........# ##..###
#.c# #........... ####
##.## ##........... #.g#
#............ #..#
#........... ##@##
#........... ##..#
#........... #####...##
#........... .......(..#
#...........
##........####..........
###.......###.........#
#......#..........###
#......#.##.....###
##.......######...#


You could see a centaur and 3 gnolls.

Vanquished Creatures
  5 adders
  An adder skeleton (D:4)
  2 worms (D:2)
  A dart slug (D:1)
  An orc (D:3)
  5 bats
  7 endoplasms
  A giant cockroach (D:2)
  2 goblins
  6 hobgoblins
  2 jackals (D:3)
  2 kobolds (D:1)
  5 quokkas
  2 ball pythons
  A frilled lizard (D:1)
  5 rats
48 creatures vanquished.

Notes
Turn   | Place    | Note
-------+----------+-------------------------------------------
     0 | D:1      | Iepvzaeh the Hill Orc Fighter began the quest for the Orb.
     0 | D:1      | Reached XP level 1. HP: 19/19 MP: 1/1
   259 | D:1      | Reached XP level 2. HP: 21/27 MP: 2/2
  1079 | D:2      | Reached XP level 3. HP: 33/33 MP: 3/3
  2079 | D:3      | Reached XP level 4. HP: 33/40 MP: 4/4
  2144 | D:3      | Found a burning altar of Makhleb.
  2327 | D:3      | Became a worshipper of Beogh the Brigand
  2827 | D:4      | Noticed a centaur
  2861 | D:4      | Shot with an arrow by a centaur

Illustrated notes

Levels and vault maps discovered:
D:1:      shiori_arrival_elements, layout_loops_corners, serial_bayou_pond_a,
          chequers_mini_garden
D:2:      layout_loops_cross
D:3:      layout_rooms, mainiacjoe_overflow_alcove_1
D:4:      layout_cave_pods, marbit_many_paths, lemuel_tele_altar, uniq_edmund

Skill      XL: |  1  2  3  4 |
---------------+-------------+-----
Fighting       | 4 |  4.3
Axes           | 3 4 |  4.3
Armour         | 4 |  4.0
Dodging        | |  0.6
Shields        | |  3.8

Action                   |  1- 3 |  4- 6 || total
-------------------------+-------+-------++-------
Melee: War axe           |   109 |    35 ||   144
Invok: Convert to Beogh  |       |     1 ||     1
  Use: Potion            |       |     1 ||     1
Armor: Scale mail        |    67 |     5 ||    72
       Chain mail        |       |    27 ||    27
Dodge: Dodged            |    49 |    27 ||    76
Block: Buckler           |    34 |    11 ||    45

Table legend: (Time is in decaauts)
 A = Elapsed time spent in this place.
 B = Non-inter-level travel time spent in this place.
 C = Inter-level travel time spent in this place.
 D = Time resting spent in this place.
 E = Time spent auto-exploring this place.
 F = Levels seen in this place.
 G = Mean time per level.
                   A        B        C        D        E       F      G
               +--------+--------+--------+--------+--------+-----+--------+
         Total |   2911 |   2834 |     77 |      0 |   2405 |   4 |  727.8 |
       Dungeon |   2911 |   2834 |     77 |      0 |   2405 |   4 |  727.8 |
               +--------+--------+--------+--------+--------+-----+--------+

Top non-repeatable levels by time:
     D:1: 1094 daAuts
     D:2: 983 daAuts
     D:3: 544 daAuts
     D:4: 288 daAuts
